Map: Efflorescence LE

Players

Opp - Winner!

  • Race: Zerg Zerg
  • League: Diamond
  • Spawn Location: 9:00

vovan - Winner!

  • Race: Protoss Protoss
  • League: Platinum
  • Spawn Location: 6:00

qqq

  • Race: Protoss Protoss
  • Spawn Location: 12:00

Massa

  • Race: Terran Terran
  • League: Gold
  • Spawn Location: 3:00

VOD

Have the link to the VOD?

Description

Time

  • Played on: July 11, 2020, 9:40 a.m.
  • Length: 14:52
Show
View Real Time Build Order
Export as new Build Order

Opp Zerg - Winner!

Build Orders: Hatch First 

Get SALT Encoding   

  12  0:01  Drone  
  13  0:13  Overlord  
  13  0:18  Drone  
  14  0:31  Drone x2  
  14  0:35  Drone  
  17  0:57  Hatchery  
  17  1:00  Drone x2  
  18  1:04  Extractor  
  17  1:17  Spawning Pool  
  16  1:20  Drone  
  16  1:23  Drone  
  18  1:34  Drone  
  19  1:48  Drone  
  20  1:56  Drone  
  20  2:00  Drone  
  22  2:05  Metabolic Boost  
  22  2:08  Queen x2  
  26  2:20  Drone x2  
  26  2:21  Overlord  
  28  2:27  Overlord  
  28  2:42  Drone x3  
  31  2:57  Queen  
  33  3:00  Hatchery  
  33  3:02  Pneumatized Carapace  
  32  3:07  Drone x2  
  32  3:09  Drone  
  32  3:11  Drone  
  36  3:14  Drone  
  37  3:25  Drone x3  
  37  3:26  Drone x2  
  42  3:36  Zergling x4  
  44  3:41  Overlord  
  44  3:52  Roach Warren  
  43  4:11  Spore Crawler x2  
  43  4:12  Spore Crawler  
  43  4:13  Spore Crawler  
  43  4:15  Queen, Spore Crawler  
  43  4:16  Drone x2  
  43  4:17  Drone x5  
  47  4:30  Overlord x2  
  47  4:33  Lair  
  47  4:37  Extractor  
  46  4:45  Spore Crawler x2  
  44  4:56  Zergling x8  
  44  4:57  Zergling x14  
  54  5:14  Zergling x8  
  58  5:24  Overlord x6  
  58  5:43  Drone  
  58  5:44  Drone x6  
  58  5:49  Hydralisk Den  
  64  5:58  Drone x4  
  57  6:29  Drone  
  57  6:30  Drone x7, Baneling Nest  
  57  6:31  Drone x5  
  57  6:32  Drone  
  70  6:42  Drone x3  
  70  6:45  Extractor  
  70  6:46  Extractor  
  71  6:50  Extractor  
  71  6:51  Extractor  
  71  6:53  Zergling x10  
  74  6:56  Queen  
  74  6:57  Hatchery  
  75  7:03  Drone x3  
  75  7:04  Drone  
  75  7:06  Zergling x8  
  83  7:15  Baneling x10  
  83  7:16  Zergling x2  
  83  7:17  Zergling x4  
  83  7:22  Spire  
  85  7:53  Drone x8  
  85  7:54  Drone x4  
  96  8:13  Evolution Chamber  
  96  8:14  Evolution Chamber  
  96  8:15  Infestation Pit  
  93  8:38  Hatchery  
  93  8:39  Overlord x3  
  93  8:40  Overlord x3  
  91  8:45  Zergling x10  
  91  8:46  Zergling x14  
  102  9:03  Zergling x6  
  102  9:04  Zergling x14  
  106  9:24  Corruptor x13  
  99  9:26  Zerg Flyer Weapons Level 1  
  114  9:50  Corruptor x5  
  114  9:51  Corruptor x5  
  134  9:55  Queen  
  135  10:06  Corruptor x3  
  139  10:08  Overlord  
  131  10:27  Spire  
  129  10:30  Corruptor  
  129  10:31  Corruptor x3  
  136  10:48  Extractor  
  127  11:08  Corruptor  
  127  11:09  Extractor, Corruptor x5  
  132  11:23  Zergling x14  
  132  11:24  Zergling x36  
  139  12:03  Hive  
  125  12:44  Zergling x2  
  125  12:45  Zergling x2  
  125  12:46  Zergling x2  
  125  12:47  Zergling x2  
  129  12:55  Zerg Melee Weapons Level 1  
  129  12:56  Zerg Ground Armor Level 1  
  125  13:22  Zergling x10  
  125  13:23  Zergling x60  
  125  13:24  Zergling x10  
  165  13:29  Lair, Overlord  
  121  14:27  Zergling x2  
  121  14:28  Zergling x34  
  121  14:29  Zergling x20  
Show
View Real Time Build Order
Export as new Build Order

vovan Protoss - Winner!

Build Orders: Oracle Opening 

Get SALT Encoding   

  12  0:00  Probe  
  13  0:13  Probe  
  14  0:21  Pylon  
  14  0:25  Probe  
  15  0:36  Probe  
  15  0:40  Gateway  
  16  0:44  Probe  
  17  0:53  Probe  
  18  1:02  Assimilator  
  18  1:05  Probe  
  19  1:17  Probe  
  20  1:31  Cybernetics Core  
  20  1:39  Probe  
  21  1:46  Nexus  
  21  1:51  Probe  
  21  1:53  Pylon  
  22  2:02  Adept  
  22  2:06  Probe  
  23  2:10  Assimilator  
  23  2:14  Warp Gate  
  25  2:18  Probe  
  25  2:31  Probe, Stalker  
  28  2:43  Probe  
  29  2:48  Pylon  
  29  2:55  Probe  
  30  3:00  Probe  
  30  3:03  Probe  
  31  3:08  Probe  
  31  3:11  Probe  
  31  3:12  Stargate  
  33  3:18  Probe  
  34  3:22  Probe  
  36  3:46  Oracle  
  36  3:51  Probe x2  
  38  3:56  Forge  
  38  3:58  Robotics Facility  
  41  4:03  Probe  
  41  4:06  Probe  
  43  4:15  Probe  
  44  4:18  Probe  
  44  4:20  Gateway x2  
  44  4:22  Protoss Ground Weapons Level 1  
  45  4:27  Probe  
  45  4:30  Probe  
  45  4:39  Probe, Pylon  
  45  4:41  Photon Cannon  
  45  4:42  Probe  
  47  4:51  Probe, Stalker  
  50  4:54  Probe  
  51  5:00  Gateway x2  
  51  5:03  Probe  
  50  5:18  Stalker x3  
  56  5:34  Probe  
  56  5:35  Probe, Stalker  
  55  5:36  Stalker  
  55  5:42  Photon Cannon  
  59  5:44  Twilight Council  
  59  5:47  Probe x2  
  59  5:48  Assimilator  
  61  5:50  Assimilator  
  61  5:59  Probe  
  62  6:04  Pylon  
  62  6:06  Pylon  
  62  6:12  Blink  
  62  6:27  Nexus, Stalker x5  
  62  6:29  Pylon  
  73  6:32  Probe  
  73  6:33  Probe  
  73  6:39  Protoss Ground Weapons Level 2  
  74  6:44  Probe  
  74  6:45  Probe  
  76  6:47  Pylon  
  76  6:51  Immortal  
  80  7:01  Zealot x3  
  80  7:07  Pylon  
  80  7:08  Pylon  
  86  7:13  Probe x2  
  88  7:16  Photon Cannon  
  88  7:19  Shield Battery  
  88  7:22  Photon Cannon  
  88  7:25  Probe x2  
  90  7:37  Probe x2  
  92  7:48  Stalker x3  
  92  7:49  Probe x2, Stalker x2  
  104  7:52  Probe  
  105  8:01  Probe x2  
  105  8:03  Templar Archives  
  107  8:08  Probe  
  107  8:10  Assimilator x2  
  107  8:11  Charge  
  108  8:13  Probe  
  108  8:14  Probe, Pylon  
  108  8:16  Pylon  
  110  8:20  Probe  
  111  8:33  Probe x2  
  111  8:34  Probe  
  114  8:52  Stalker x3  
  114  8:53  Stalker x2  
  120  9:18  Probe  
  121  9:35  Protoss Ground Weapons Level 3  
  95  9:58  Stalker x4  
  95  9:59  Stalker  
  87  10:11  Pylon, Nexus  
  87  10:14  Pylon  
  87  10:24  Pylon  
  87  10:25  Stalker  
  87  10:26  Assimilator, Stalker x4  
  97  10:30  Assimilator  
  97  10:41  Probe x2  
  97  10:42  Probe  
  100  10:46  Psionic Storm  
  100  10:55  Gateway  
  100  10:57  Gateway  
  100  10:59  Gateway  
  100  11:00  Gateway  
  100  11:01  Gateway  
  100  11:03  Stalker  
  100  11:04  Stalker x4  
  100  11:51  Stalker  
  100  11:52  Zealot x3  
  100  11:53  Zealot x2  
  108  11:54  Probe x3  
  108  11:55  Probe  
  112  12:03  High Templar x4  
  124  12:19  Zealot x5  
  124  12:20  Zealot  
  132  12:33  Pylon  
  132  12:34  Gateway  
  132  12:35  Pylon  
  132  12:36  Gateway  
  132  12:37  Gateway, High Templar x4  
  132  12:38  Pylon  
  135  13:10  Zealot x3  
  135  13:11  Zealot x6  
  135  13:12  Zealot  
  153  13:37  Zealot  
  153  13:38  Zealot x7  
  153  13:39  Zealot x3  
  153  13:40  Zealot x2  
  179  14:02  Warp Prism  
  167  14:34  Zealot  
  167  14:35  Zealot x7  
  167  14:36  Zealot x5  
Show
View Real Time Build Order
Export as new Build Order

qqq Protoss 

Build Orders: Phoenix Opening, Carriers, Mass Phoenix 

Get SALT Encoding   

  12  0:01  Probe  
  13  0:13  Pylon  
  13  0:25  Pylon  
  13  0:30  Probe  
  14  0:42  Probe  
  15  0:47  Gateway  
  15  0:55  Pylon  
  15  1:01  Probe  
  16  1:13  Probe  
  17  1:23  Assimilator  
  17  1:25  Probe  
  18  1:32  Assimilator  
  18  1:37  Probe  
  19  1:49  Probe  
  19  1:52  Cybernetics Core  
  20  2:08  Probe  
  21  2:15  Nexus  
  21  2:20  Probe  
  22  2:31  Stargate  
  22  2:32  Probe  
  23  2:53  Stargate  
  23  2:56  Pylon  
  23  3:06  Probe  
  24  3:16  Phoenix  
  24  3:18  Probe  
  27  3:30  Probe x2  
  29  3:42  Probe, Protoss Air Weapons Level 1  
  29  3:43  Probe  
  29  3:47  Phoenix  
  33  3:54  Probe  
  33  3:55  Probe  
  35  4:00  Assimilator  
  35  4:04  Assimilator  
  35  4:06  Probe, Phoenix  
  35  4:07  Probe  
  39  4:25  Phoenix  
  42  4:31  Probe  
  42  4:43  Probe  
  43  4:45  Forge  
  43  4:52  Phoenix  
  45  4:55  Probe, Pylon  
  46  5:05  Pylon  
  46  5:07  Probe  
  47  5:19  Probe  
  48  5:24  Phoenix  
  48  5:26  Phoenix  
  52  5:39  Probe  
  53  5:43  Photon Cannon  
  53  5:44  Photon Cannon  
  53  5:46  Shield Battery  
  53  5:48  Photon Cannon x2  
  53  5:49  Phoenix  
  55  5:51  Probe, Pylon  
  56  6:03  Probe, Fleet Beacon  
  57  6:15  Probe  
  58  6:27  Probe  
  59  6:35  Nexus  
  59  6:39  Probe  
  60  6:42  Pylon  
  60  6:46  Pylon  
  60  6:51  Probe, Pylon  
  61  7:00  Carrier  
  67  7:02  Pylon  
  67  7:04  Pylon  
  67  7:12  Pylon  
  67  7:13  Carrier  
  73  7:22  Protoss Air Armor Level 1  
  73  7:37  Photon Cannon  
  73  7:49  Photon Cannon  
  73  7:59  Probe  
  73  8:02  Photon Cannon  
  73  8:05  Carrier  
  80  8:11  Probe  
  81  8:17  Carrier  
  87  8:23  Probe  
  88  8:35  Probe  
  88  8:36  Nexus  
  88  8:39  Shield Battery  
  89  8:48  Probe  
  90  9:00  Probe  
  91  9:09  Carrier  
  96  9:22  Carrier  
  102  9:33  Photon Cannon  
  102  9:34  Photon Cannon  
  102  9:38  Photon Cannon  
  102  9:39  Shield Battery, Pylon  
  102  9:42  Nexus  
  102  9:53  Pylon  
  102  10:13  Carrier  
  108  10:26  Carrier  
  114  10:34  Mothership  
  114  10:35  Probe  
  123  10:39  Photon Cannon  
  123  10:41  Photon Cannon  
  123  10:42  Shield Battery  
  123  10:47  Probe  
  124  10:59  Probe  
  121  11:08  Robotics Facility  
  103  11:11  Probe  
  103  11:17  Carrier  
  104  11:23  Probe  
  105  11:30  Carrier  
  91  11:44  Probe  
  81  11:47  Pylon  
  81  11:51  Photon Cannon  
  81  11:52  Probe  
  83  12:01  Probe  
  84  12:13  Probe  
  85  12:21  Void Ray  
  89  12:25  Probe, Assimilator  
  90  12:30  Assimilator  
  90  12:31  Observer  
  90  12:34  Anion Pulse-Crystals, Void Ray  
  95  12:40  Pylon  
  95  12:44  Pylon  
  95  12:47  Probe  
  96  12:52  Photon Cannon  
  96  12:57  Photon Cannon  
  96  12:58  Shield Battery  
  96  12:59  Probe, Photon Cannon  
  96  13:00  Photon Cannon  
  96  13:01  Photon Cannon  
  96  13:02  Photon Cannon  
  96  13:04  Void Ray  
  101  13:06  Pylon  
  101  13:08  Pylon  
  101  13:11  Probe  
  102  13:17  Carrier  
  108  13:24  Probe  
  109  13:36  Probe  
  92  13:41  Stargate  
  92  13:42  Pylon  
  92  13:45  Pylon  
  92  13:47  Void Ray  
  92  13:48  Pylon  
  88  13:50  Photon Cannon  
  88  13:52  Photon Cannon  
  88  13:54  Photon Cannon  
  88  13:56  Photon Cannon  
  88  13:57  Shield Battery  
  88  13:58  Shield Battery, Nexus  
  88  14:04  Photon Cannon  
  88  14:10  Gateway x2  
  78  14:43  Twilight Council  
  78  14:45  Pylon  
  69  14:48  Pylon  
Show
View Real Time Build Order
Export as new Build Order

Massa Terran 

Build Orders:  

Get SALT Encoding   

  12  0:04  SCV  
  13  0:17  Supply Depot  
  13  0:18  SCV  
  14  0:30  SCV  
  15  0:42  SCV, Barracks  
  16  0:50  Refinery  
  16  0:54  SCV  
  17  1:06  SCV  
  18  1:18  SCV  
  19  1:31  SCV  
  20  1:39  Reaper  
  21  1:58  SCV  
  22  2:11  Orbital Command, Marine  
  23  2:22  Command Center  
  23  2:40  Marine  
  23  2:47  Supply Depot  
  23  2:55  SCV  
  23  3:05  Barracks  
  23  3:08  Marine  
  23  3:09  SCV  
  23  3:12  Supply Depot  
  25  3:26  Marine  
  26  3:30  SCV  
  26  3:42  SCV  
  26  3:44  Marine  
  27  3:54  SCV, Marine  
  29  3:56  Factory  
  29  3:58  Barracks  
  29  4:02  Marine  
  30  4:12  Marine  
  31  4:18  SCV x2  
  31  4:20  Marine  
  34  4:30  SCV x2, Marine  
  37  4:40  Factory Tech Lab  
  37  4:42  SCV  
  38  4:46  Bunker  
  38  4:50  Barracks Tech Lab  
  38  4:51  Barracks Tech Lab  
  38  4:56  Orbital Command  
  38  4:57  SCV  
  39  5:09  SCV  
  39  5:10  Marine  
  39  5:12  Marauder  
  45  5:14  Marauder  
  43  5:21  SCV  
  43  5:27  Engineering Bay  
  43  5:33  SCV, Marauder  
  47  5:35  Marauder  
  47  5:45  SCV  
  47  5:46  SCV  
  49  5:54  Command Center  
  49  5:57  SCV  
  49  5:58  Terran Infantry Weapons Level 1  
  49  6:02  Missile Turret  
  50  6:06  Combat Shield, Stimpack  
  50  6:23  Marauder, Missile Turret  
  52  6:28  SCV x2  
  52  6:29  Refinery  
  52  6:32  Refinery  
  54  6:34  Missile Turret  
  54  6:45  Supply Depot  
  54  6:49  Supply Depot  
  54  6:54  Missile Turret x2  
  54  7:06  SCV x2  
  56  7:09  Supply Depot  
  56  7:12  SCV  
  56  7:13  Supply Depot  
  57  7:18  SCV x2  
  57  7:22  Siege Tank  
  62  7:24  SCV  
  62  7:28  Refinery  
  63  7:30  SCV x2  
  63  7:32  Supply Depot  
  63  7:36  Concussive Shells  
  65  7:37  Supply Depot  
  65  7:52  Terran Infantry Armor Level 1  
  65  7:54  SCV  
  66  8:06  SCV  
  66  8:07  Command Center  
  67  8:19  Starport  
  68  8:20  Command Center  
  68  8:22  Planetary Fortress  
  68  8:23  SCV  
  68  8:24  SCV  
  69  8:34  Marauder  
  69  8:35  Marauder, Marine  
  69  8:36  SCV x2  
  76  8:43  Barracks  
  76  8:48  SCV x2  
  75  8:53  Marine  
  76  8:56  Marauder x2  
  76  9:00  SCV x2  
  82  9:04  Command Center  
  82  9:11  Marine  
  82  9:12  SCV x2  
  83  9:17  Marauder x2  
  86  9:28  Marine  
  64  9:38  Marine  
  64  9:39  Marauder  
  56  9:46  Marine  
  56  9:49  Siege Tank  
  56  9:51  Command Center  
  57  9:56  Marauder, Medivac  
  55  10:00  Marauder  
  55  10:03  Barracks Tech Lab  
  55  10:04  Marine  
  50  10:10  SCV x2  
  47  10:17  Planetary Fortress  
  47  10:18  Marauder  
  47  10:21  Marine, Siege Tank  
  52  10:22  SCV x2, Marine  
  52  10:26  Medivac  
  58  10:29  Planetary Fortress  
  58  10:34  SCV x2  
  58  10:35  Missile Turret  
  60  10:39  Marauder x2  
  60  10:40  Marauder, Marine  
  67  10:46  SCV  
  68  10:55  Armory  
  68  10:57  Missile Turret  
  68  11:00  Medivac  
  68  11:01  Marauder x3  
  76  11:17  Marine  
  77  11:21  SCV  
  77  11:22  SCV x2, Marauder x2  
  77  11:23  Marauder  
  86  11:29  SCV  
  87  11:34  SCV x3  
  87  11:35  Marine  
  91  11:41  SCV  
  91  11:43  Marauder x2  
  91  11:44  Marauder  
  91  11:46  SCV x2  
  100  11:53  SCV, Marine  
  95  12:05  SCV, Marauder x2, Marine  
  92  12:11  Marine  
  86  12:17  SCV  
  80  12:23  Marine  
  80  12:25  Marine  
  80  12:26  Marine  
  80  12:27  Supply Depot  
  80  12:29  Marine  
  84  12:31  Planetary Fortress  
  84  12:33  SCV  
  84  12:35  SCV  
  85  12:41  Marine, Terran Vehicle Weapons Level 1  
  85  12:43  Marine  
  87  12:45  SCV  
  87  12:47  SCV  
  87  12:50  Marauder  
  91  12:51  Marine  
  93  12:59  SCV, Marauder, Missile Turret  
  93  13:02  Marauder  
  93  13:03  Missile Turret  
  95  13:09  Marine  
  95  13:11  Marauder  
  98  13:20  Marauder  
  98  13:23  Marauder  
  92  13:27  Marine  
  92  13:33  Marauder  
  94  13:42  Marauder  
  94  13:44  Marine x2  
  98  13:54  Marauder  
  88  14:02  Marine x3  
  36  14:15  Marine  
  43  14:19  Marine  
  43  14:20  Marine x2  
  46  14:33  Marine  
  43  14:51  Command Center  
Tags
 
Add a new tag
Caveats
  • Supply blocks, unpowered buildings, or Contaminate may cause inaccurate times.
  • Supply counts are checked every 10 seconds.